 Dungeon Crawl Stone Soup version 0.20-a0-738-gb057e68 (webtiles) character file.

966 KristoblXynda the Chopper (level 7, -10/57 HPs)
             Began as a Yellow Draconian Fighter on Feb 23, 2017.
             Was a Follower of Okawaru.
             Mangled by a gnoll sergeant
             ... wielding a +4 trident of protection
              (13 damage)
             ... on level 5 of the Dungeon.
             The game lasted 00:07:35 (4075 turns).

KristoblXynda the Chopper (DrFi)                    Turns: 4075, Time: 00:07:36

Health: -10/57     AC:  8    Str: 24    XL:     7   Next: 93%
Magic:  7/7        EV: 12    Int: 10    God:    Okawaru [*.....]
Gold:   237        SH: 10    Dex: 10    Spells: 6/6 levels left

rFire    . . .     SeeInvis .   a - +1 war axe
rCold    . . .     Gourm    .   (armour unavailable)
rNeg     . . .     Faith    .   b - +0 shield
rPois    .         Spirit   .   g - +2 hat {MR+}
rElec    .         Reflect  .   m - scarf {repulsion}
rCorr    +         Harm     .   (no gloves)
MR       +....                  (no boots)
Stlth    +.........             k - amulet of magic regeneration
Regen    0.2/turn               (no ring)
MPRegen  0.2/turn               l - +5 ring of strength

@: repel missiles
A: spit acid, acid resistance, unfitting armour, cold-blooded, AC +6
a: Breathe Acid, Heroism, Renounce Religion


You were on level 5 of the Dungeon.
You worshipped Okawaru.
Okawaru was aware of your devotion.
You were not hungry.

You visited 1 branch of the dungeon, and saw 5 of its levels.

You collected 237 gold pieces.

Inventory:

Hand Weapons
 a - a +1 war axe (weapon)
Armour
 b - a +0 shield (worn)
 g - a +2 hat of magic resistance (worn)
 m - a scarf of repulsion (worn)
Jewellery
 k - an amulet of magic regeneration (around neck)
 l - a +5 ring of strength (left hand)
Wands
 e - a wand of flame (15/48)
Scrolls
 h - 4 scrolls of teleportation
 j - 3 scrolls of remove curse
 o - 2 scrolls of immolation
Potions
 n - a potion of magic
 v - a potion of mutation
 w - a potion of curing {unknown}
 x - a potion of cancellation {unknown}
Comestibles
 d - 3 bread rations
 f - 5 meat rations


   Skills:
 + Level 3.5 Fighting
 * Level 6.8 Axes
 - Level 5.0 Dodging
 + Level 5.1 Shields


You had 6 spell levels left.
You didn't know any spells.

Dungeon Overview and Level Annotations

Branches:
Dungeon (5/15)
 Temple: D:4-7

Altars:
Hepliaklqana
Okawaru
Zin
The Shining One


Innate Abilities, Weirdness & Mutations

You can spit globs of acid.
You are resistant to acid.
Your golden yellow scales are hard. (AC +6)
You cannot fit into any form of body armour.
You are cold-blooded and may be slowed by cold attacks.


Message History

You barely miss the gnoll sergeant.
The gnoll sergeant is heavily wounded.
You block the gnoll sergeant's attack.
You hit the gnoll sergeant.
You tail-slap the gnoll sergeant, but do no damage.
The gnoll sergeant is severely wounded.
You block the gnoll sergeant's attack.
You closely miss the gnoll sergeant.
The gnoll sergeant is severely wounded.
The gnoll sergeant hits you with a trident of protection!
* * * LOW HITPOINT WARNING * * *
You hit the gnoll sergeant.
Your tail-slap misses the gnoll sergeant.
The gnoll sergeant is almost dead.
The gnoll sergeant hits you with a trident of protection!
* * * LOW HITPOINT WARNING * * *
You hit the gnoll sergeant but do no damage.
The gnoll sergeant is almost dead.
The gnoll sergeant hits you with a trident of protection!
You die...

###########
#...........
#...........
#...........
#...........
#...........
#.g)........
#..@).!.....
#...†.......
##.....<...$.
#............
#............
#............
#####............
#................
#.....##########.


You could see a gnoll sergeant.

Vanquished Creatures
  Edmund (D:4)
  An ice beast (D:5)
  An ogre (D:5)
  A centaur (D:5)
  A scorpion (D:4)
  A crimson imp (D:5)
  2 orc priests
  2 hounds (D:4)
  3 orc wizards
  2 worker ants
  A hound zombie (D:4)
  Robin (D:3)
  6 gnolls
  8 adders
  2 dart slugs (D:1)
  4 worms
  4 leopard geckos
  9 orcs
  9 bats
  5 giant cockroaches
  18 goblins
  7 hobgoblins
  A jackal (D:5)
  10 kobolds
  3 quokkas
  A ball python (D:2)
  8 frilled lizards
  6 rats
118 creatures vanquished.

Notes
Turn   | Place    | Note
-------+----------+-------------------------------------------
     0 | D:1      | KristoblXynda the Draconian Fighter began the quest for the Orb.
     0 | D:1      | Reached XP level 1. HP: 19/19 MP: 1/1
   139 | D:1      | Reached XP level 2. HP: 26/26 MP: 2/2
   466 | D:1      | Reached XP level 3. HP: 31/31 MP: 3/3
   910 | D:2      | Reached skill level 3 in Axes
  1315 | D:3      | Reached XP level 4. HP: 35/38 MP: 4/4
  1574 | D:3      | Noticed Robin
  1585 | D:3      | Killed Robin
  1592 | D:3      | Found a hazy altar of Hepliaklqana.
  2109 | D:3      | Reached XP level 5. HP: 45/45 MP: 5/5
  2247 | D:3      | Reached skill level 4 in Axes
  2855 | D:3      | Found a glowing silver altar of Zin.
  2893 | D:4      | Found a glowing golden altar of the Shining One.
  2907 | D:4      | Reached XP level 6. HP: 51/51 MP: 6/6
  3013 | D:4      | Noticed Edmund
  3040 | D:4      | Reached skill level 5 in Axes
  3248 | D:4      | Killed Edmund
  3293 | D:4      | Your scales start taking on a golden yellow colour.
  3293 | D:4      | Reached XP level 7. HP: 42/57 MP: 7/7
  3753 | D:5      | Entered Level 5 of the Dungeon
  3758 | D:5      | Found an iron altar of Okawaru.
  3799 | D:5      | Became a worshipper of Warmaster Okawaru
  3840 | D:5      | Reached skill level 6 in Axes
  3892 | D:5      | Found an iron altar of Okawaru.
  3958 | D:5      | Reached skill level 5 in Dodging
  4000 | D:5      | Reached * piety under Okawaru
  4000 | D:5      | Reached skill level 5 in Shields
  4075 | D:5      | Mangled by a gnoll sergeant

Vault maps used:
D:1:      minmay_arrival_three_doors
D:3:      nicolae_overflow_crystal_walls, zin_scriptorium, moated_statue,
          roderic_roman_lattice, minmay_bisected, uniq_robin
D:4:      lemuel_crystal_altar, first_bread, minmay_statues_item, uniq_edmund
D:5:      kennysheep_little_box, nicolae_qazlal_general_emergency, basic_altar,
          kennysheep_generic_room_6

Skill      XL: |  1  2  3  4  5  6  7 |
---------------+----------------------+-----
Dodging        | 3 4 5 |  5.0
Axes           | 3 4 5 6 |  6.8
Shields        | 4 5 |  5.1
Fighting       | |  3.5

Action                   |  1- 3 |  4- 6 |  7- 9 || total
-------------------------+-------+-------+-------++-------
Melee: War axe           |   123 |   172 |    70 ||   365
       Tailslap          |    12 |    14 |    10 ||    36
 Abil: Breathe Acid      |       |       |     1 ||     1
  Use: Scroll            |       |    10 |     3 ||    13
       Potion            |       |     2 |       ||     2
 Stab: Sleeping          |       |     1 |       ||     1
  Eat: Chunk             |     2 |     6 |       ||     8
       Royal jelly       |       |       |     1 ||     1
       Fruit             |       |       |     1 ||     1
Armor: Skin              |    41 |    85 |    18 ||   144
Dodge: Dodged            |    53 |    96 |    38 ||   187
       Deflected         |       |     4 |     2 ||     6
Block: Shield            |    64 |   106 |    51 ||   221
